[Event "Czech open A"]
[Site "?"]
[Date "2013.07.27"]
[Round "9.92"]
[White "Berthier, Hugo"]
[Black "Heimrath, Reiner"]
[Result "1-0"]
[ECO "A40"]
[WhiteElo "2208"]
[BlackElo "2280"]
[PlyCount "69"]
[EventDate "2013.??.??"]
[TimeControl "6000+2205"]
[WhiteClock "0:38:24"]
[BlackClock "0:00:34"]

1. d4 g6 2. c4 Bg7 3. Nf3 d6 4. e4 Nd7 5. Nc3 h6 6. Be2 e6 7. Be3 b6 8. Qc2 Bb7
9. O-O Ne7 10. d5 O-O 11. b4 c5 12. a3 exd5 13. exd5 Nf5 14. Bd2 Rc8 15. b5 Nd4
16. Qd3 f5 17. a4 Qf6 18. a5 Rfe8 19. axb6 axb6 20. Rfe1 g5 21. Ra7 Rb8 22.
Nxd4 cxd4 23. Na4 Ne5 24. Qb1 d3 25. Bxd3 Nxd3 26. Qxd3 Rxe1+ 27. Bxe1 Re8 28.
Bd2 f4 29. h3 Bc8 30. Bc3 Re5 31. Bxe5 Qxe5 32. Ra8 Kf7 33. Rxc8 Qe1+ 34. Kh2
Ke7 35. Qf5 1-0